% Time on Ice - LAS VEGAS LIZARD KINGS
Lines # - Real PCT - Wanted PCT - Time Play
Normal Forward
1 - 34% - 36% - 17:05
2 - 27% - 30% - 13:26
3 - 22% - 25% - 10:59
4 - 16% - 9% - 8:04
Normal Defense
1 - 36% - 45% - 17:36
2 - 36% - 35% - 17:36
3 - 27% - 20% - 13:35
4 - 2% - 0% - 0:47
PP Forward
1 - 54% - 65% - 5:29
2 - 46% - 35% - 4:41
PP Defense
1 - 60% - 55% - 6:09
2 - 40% - 45% - 4:01
PK Forward
1 - 100% - 55% - 0:16
2 - 0% - 45% - 0:00
PK Defense
1 - 0% - 60% - 0:00
2 - 100% - 40% - 0:16
PK3 Forward
1 - 58% - 55% - 0:45
2 - 42% - 45% - 0:32
PK3 Defense
1 - 58% - 55% - 0:45
2 - 42% - 45% - 0:32
44 Forward
1 - 0% - 55%
2 - 0% - 45%
44 Defense
1 - 0% - 55%
2 - 0% - 45%
Last Minute Offensive  - 0:00
Last Minute Defensive  - 0:00
Total
Forward - 61:17
Defense - 61:17
% Time on Ice - UTAH ICE BEARS
Lines # - Real PCT - Wanted PCT - Time Play
Normal Forward
1 - 34% - 34% - 16:55
2 - 34% - 34% - 16:57
3 - 26% - 25% - 12:44
4 - 6% - 7% - 2:58
Normal Defense
1 - 35% - 36% - 17:13
2 - 36% - 35% - 17:57
3 - 27% - 24% - 13:18
4 - 2% - 5% - 1:06
PP Forward
1 - 100% - 60% - 0:16
2 - 0% - 40% - 0:00
PP Defense
1 - 0% - 60% - 0:00
2 - 100% - 40% - 0:16
PK Forward
1 - 66% - 60% - 6:42
2 - 34% - 40% - 3:28
PK Defense
1 - 38% - 60% - 3:53
2 - 62% - 40% - 6:17
PK3 Forward
1 - 0% - 55%
2 - 0% - 45%
PK3 Defense
1 - 0% - 55%
2 - 0% - 45%
44 Forward
1 - 71% - 55% - 0:55
2 - 29% - 45% - 0:22
44 Defense
1 - 71% - 55% - 0:55
2 - 29% - 45% - 0:22
Last Minute Offensive  - 0:00
Last Minute Defensive  - 0:00
Total
Forward - 61:17
Defense - 61:17
Play-by-Play 1st period 0:01 of 1st period - Evgeni Malkin wins face-off versus Ryan Nugent-Hopkins in neutral zone. 0:20 of 1st period - Shot by Evgeni Malkin. 0:20 of 1st period - Shot Misses the Net. 0:26 of 1st period - Shot by Johnny Gaudreau. 0:26 of 1st period - Shot Blocked by David Savard. 0:36 of 1st period - Shot by Joe Pavelski. 0:36 of 1st period - Stopped by Thatcher Demko without a rebound. 0:37 of 1st period - Jordan Eberle wins face-off versus Vladislav Namestnikov in UTAH ICE BEARS zone. 0:37 of 1st period - Jordan Eberle is hit by Vladislav Namestnikov. 1:01 of 1st period - Minor Penalty to Matthew Beniers for Hooking. 1:02 of 1st period - Morgan Frost wins face-off versus Joe Pavelski in UTAH ICE BEARS zone. 1:32 of 1st period - Icing by Joe Pavelski. 1:33 of 1st period - Blake Lizotte wins face-off versus Ryan Nugent-Hopkins in LAS VEGAS LIZARD KINGS zone. 2:33 of 1st period - Shot by Vladislav Namestnikov. 2:33 of 1st period - Stopped by Thatcher Demko without a rebound. 2:34 of 1st period - Johnny Gaudreau wins face-off versus Blake Lizotte in UTAH ICE BEARS zone. 2:34 of 1st period - Ryan Nugent-Hopkins is hit by MacKenzie Weegar and loses puck. 2:41 of 1st period - Shot by Ryan Nugent-Hopkins. 2:41 of 1st period - Stopped by Thatcher Demko without a rebound. 2:42 of 1st period - Morgan Frost wins face-off versus Jeff Carter in UTAH ICE BEARS zone. 3:14 of 1st period - Shot by Zemgus Girgensons. 3:14 of 1st period - Shot Blocked by Matthew Beniers. 3:16 of 1st period - Shot by Ty Dellandrea. 3:16 of 1st period - Deflect By Luke Glendening. 3:16 of 1st period - Shot Misses the Net. 3:18 of 1st period - Shot by Ty Dellandrea. 3:18 of 1st period - Stopped by Thatcher Demko with a rebound. 3:30 of 1st period - Shot by Ty Dellandrea. 3:30 of 1st period - Shot Blocked by Bowen Byram. 3:46 of 1st period - Icing by Andrew Peeke. 3:47 of 1st period - Alexander Barabanov wins face-off versus Ryan Nugent-Hopkins in UTAH ICE BEARS zone. 3:52 of 1st period - John Marino is hit by Alexander Barabanov and loses puck. 4:13 of 1st period - Shot by Joe Pavelski. 4:13 of 1st period - Deflect By Johnny Gaudreau. 4:13 of 1st period - Stopped by Thatcher Demko without a rebound. 4:14 of 1st period - Jeff Carter wins face-off versus Evgeni Malkin in UTAH ICE BEARS zone. 4:17 of 1st period - Shot by Victor Olofsson. 4:17 of 1st period - Stopped by Thatcher Demko without a rebound. 4:18 of 1st period - Jeff Carter wins face-off versus Morgan Frost in UTAH ICE BEARS zone. 5:22 of 1st period - Shot by Brandon Hagel. 5:22 of 1st period - Shot Misses the Net. 5:34 of 1st period - Shot by Evan Rodrigues. 5:34 of 1st period - Stopped by Thatcher Demko without a rebound. 5:35 of 1st period - Evgeni Malkin wins face-off versus Ryan Nugent-Hopkins in UTAH ICE BEARS zone. 5:56 of 1st period - Shot by Evgeni Malkin. 5:56 of 1st period - Stopped by Sergei Bobrovsky without a rebound. 5:57 of 1st period - Matthew Beniers wins face-off versus Vladislav Namestnikov in LAS VEGAS LIZARD KINGS zone. 6:56 of 1st period - Shot by Joe Pavelski. 6:56 of 1st period - Shot Misses the Net. 7:44 of 1st period - Patrik Nemeth is hit by Jordan Eberle and loses puck. 8:04 of 1st period - Victor Olofsson is hit by Andrew Peeke and loses puck. 8:28 of 1st period - Minor Penalty to Bowen Byram for Tripping. 8:29 of 1st period - Ryan Nugent-Hopkins wins face-off versus Morgan Frost in UTAH ICE BEARS zone. 10:02 of 1st period - Icing by Vladislav Namestnikov. 10:03 of 1st period - Morgan Frost wins face-off versus Jeff Carter in LAS VEGAS LIZARD KINGS zone. 10:59 of 1st period - Evgeni Malkin is hit by Jalen Chatfield and loses puck. 12:31 of 1st period - Icing by John Marino. 12:32 of 1st period - Evgeni Malkin wins face-off versus Ryan Nugent-Hopkins in LAS VEGAS LIZARD KINGS zone. 12:58 of 1st period - Shot by Alexander Ovechkin. 12:58 of 1st period - Shot Misses the Net. 13:20 of 1st period - Icing by Joe Pavelski. 13:21 of 1st period - Ryan Nugent-Hopkins wins face-off versus Matthew Beniers in LAS VEGAS LIZARD KINGS zone. 13:21 of 1st period - Ryan Nugent-Hopkins is hit by Jordan Eberle. 13:26 of 1st period - Johnny Gaudreau is hit by David Savard and loses puck. 13:39 of 1st period - Shot by Brandon Hagel. 13:39 of 1st period - Stopped by Thatcher Demko with a rebound. 14:37 of 1st period - Off-side. 14:38 of 1st period - Evgeni Malkin wins face-off versus Jeff Carter in neutral zone. 14:47 of 1st period - Shot by Alexander Ovechkin. 14:47 of 1st period - Goal by Alexander Ovechkin - LAS VEGAS LIZARD KINGS : 0 - UTAH ICE BEARS : 1. 14:48 of 1st period - Joe Pavelski wins face-off versus Evgeni Malkin in neutral zone. 15:05 of 1st period - Shot by Joe Pavelski. 15:05 of 1st period - Shot Misses the Net. 15:38 of 1st period - Jeff Carter is hit by Kristopher Letang. 15:50 of 1st period - Shot by Jeff Carter. 15:50 of 1st period - Shot Misses the Net. 15:52 of 1st period - Shot by Brayden McNabb. 15:52 of 1st period - Shot Misses the Net. 16:03 of 1st period - Dillon Dube is hit by MacKenzie Weegar and loses puck. 16:11 of 1st period - Victor Olofsson is hit by Kristopher Letang and loses puck. 16:33 of 1st period - Icing by Brandon Hagel. 16:34 of 1st period - Vladislav Namestnikov wins face-off versus Morgan Frost in LAS VEGAS LIZARD KINGS zone. 16:39 of 1st period - Shot by Lucas Raymond. 16:39 of 1st period - Stopped by Sergei Bobrovsky without a rebound. 16:40 of 1st period - Ryan Nugent-Hopkins wins face-off versus Morgan Frost in LAS VEGAS LIZARD KINGS zone. 16:40 of 1st period - Ryan Nugent-Hopkins is hit by Matias Maccelli. 16:59 of 1st period - Matias Maccelli is hit by Matt Roy and loses puck. 17:13 of 1st period - Morgan Frost is hit by Matthew Grzelcyk and loses puck. 17:22 of 1st period - Ryan Nugent-Hopkins is hit by Matias Maccelli and loses puck. 17:37 of 1st period - Shot by Alexander Barabanov. 17:37 of 1st period - Shot Misses the Net. 17:39 of 1st period - Shot by Alexander Barabanov. 17:39 of 1st period - Shot Blocked by Ryan Nugent-Hopkins. 17:41 of 1st period - Shot by Andrew Peeke. 17:41 of 1st period - Shot Misses the Net. 17:59 of 1st period - Shot by Matthew Beniers. 17:59 of 1st period - Shot Misses the Net. 18:57 of 1st period - Shot by Blake Lizotte. 18:57 of 1st period - Stopped by Sergei Bobrovsky without a rebound. 18:58 of 1st period - Jeff Carter wins face-off versus Evgeni Malkin in LAS VEGAS LIZARD KINGS zone. 19:03 of 1st period - Shot by Victor Olofsson. 19:03 of 1st period - Shot Misses the Net. 19:11 of 1st period - Shot by Evgeni Malkin. 19:11 of 1st period - Stopped by Sergei Bobrovsky without a rebound. 19:12 of 1st period - Luke Glendening wins face-off versus Morgan Frost in LAS VEGAS LIZARD KINGS zone. 19:23 of 1st period - Shot by Luke Glendening. 19:23 of 1st period - Stopped by Thatcher Demko without a rebound. 19:24 of 1st period - Jeff Carter wins face-off versus Evgeni Malkin in UTAH ICE BEARS zone. 19:25 of 1st period - Shot by Dillon Dube. 19:25 of 1st period - Shot Misses the Net. 19:37 of 1st period - Shot by Evgeni Malkin. 19:37 of 1st period - Stopped by Sergei Bobrovsky with a rebound. 19:39 of 1st period - Shot by MacKenzie Weegar. 19:39 of 1st period - Stopped by Sergei Bobrovsky without a rebound. 19:40 of 1st period - Vladislav Namestnikov wins face-off versus Morgan Frost in LAS VEGAS LIZARD KINGS zone. Goals for this period are 0 for LAS VEGAS LIZARD KINGS vs 1 for UTAH ICE BEARS. Shots for this period are 9 for LAS VEGAS LIZARD KINGS vs 7 for UTAH ICE BEARS. 2nd period 0:01 of 2nd period - Ryan Nugent-Hopkins wins face-off versus Evgeni Malkin in neutral zone. 0:05 of 2nd period - Joe Pavelski is hit by Artem Zub and loses puck. 0:09 of 2nd period - Minor Penalty to Artem Zub for Slashing. 0:10 of 2nd period - Ryan Nugent-Hopkins wins face-off versus Morgan Frost in UTAH ICE BEARS zone. 0:33 of 2nd period - Shot by Ryan Nugent-Hopkins. 0:33 of 2nd period - Shot Blocked by Andrew Peeke. 0:35 of 2nd period - Shot by Brandon Hagel. 0:35 of 2nd period - Shot Misses the Net. 0:47 of 2nd period - Shot by Joe Pavelski. 0:47 of 2nd period - Stopped by Thatcher Demko without a rebound. 0:48 of 2nd period - Jeff Carter wins face-off versus Blake Lizotte in UTAH ICE BEARS zone. 1:08 of 2nd period - Morgan Frost is hit by Jeff Carter. 2:21 of 2nd period - Icing by Ty Dellandrea. 2:22 of 2nd period - Matthew Beniers wins face-off versus Luke Glendening in LAS VEGAS LIZARD KINGS zone. 3:23 of 2nd period - Shot by Johnny Gaudreau. 3:23 of 2nd period - Shot Blocked by David Savard. 3:25 of 2nd period - Shot by Joe Pavelski. 3:25 of 2nd period - Stopped by Thatcher Demko without a rebound. 3:26 of 2nd period - Evgeni Malkin wins face-off versus Vladislav Namestnikov in UTAH ICE BEARS zone. 4:03 of 2nd period - Shot by Brandon Hagel. 4:03 of 2nd period - Stopped by Thatcher Demko with a rebound. 4:05 of 2nd period - Shot by Brandon Hagel. 4:05 of 2nd period - Shot Misses the Net. 4:44 of 2nd period - Shot by Morgan Frost. 4:44 of 2nd period - Shot Misses the Net. 4:46 of 2nd period - Shot by MacKenzie Weegar. 4:46 of 2nd period